 Dungeon Crawl Stone Soup version 0.23.2-33-g5129a83184 (webtiles) character file.

Game seed: 5063533482238546487

19080 raph the Carver (level 13, -2/81 HPs)
             Began as a Halfling Berserker on July 1, 2019.
             Was an Elder of Trog.
             Slain by a polar bear (12 damage)
             ... on level 4 of the Lair of Beasts.
             The game lasted 00:37:03 (16465 turns).

raph the Carver (Halfling Berserker)               Turns: 16465, Time: 00:37:05

Health: -2/81      AC: 20    Str: 18    XL:     13   Next: 1%
Magic:  16/16      EV: 14    Int:  5    God:    Trog [****..]
Gold:   503        SH:  4    Dex: 27    Spells: 12/12 levels left

rFire    + + .     SeeInvis .   a - +0 demon blade (venom)
rCold    x . .     Gourm    .   (shield restricted)
rNeg     . . .     Faith    .   I - +0 plate armour (curse)
rPois    .         Spirit   .   (no helmet)
rElec    .         Reflect  +   x - +0 cloak
rCorr    .         Harm     .   R - +2 pair of gloves
MR       +++..                  n - +0 pair of boots
Stlth    ..........             O - +4 amulet of reflection
HPRegen  1.23/turn              D - ring of Ethics {rF+ Dex+8}
MPRegen  0.15/turn              L - ring of Understanding {Fire +Blink MR+}

@: lethally poisoned (-2 -> -2), regenerating
A: small, mutation resistance 1
a: Berserk, Trog's Hand, Brothers in Arms, Renounce Religion, Evoke Blink


You were on level 4 of the Lair of Beasts.
You worshipped Trog.
Trog was greatly pleased with you.
You were not hungry.

You visited 2 branches of the dungeon, and saw 13 of its levels.

You collected 827 gold pieces.
You spent 324 gold pieces at shops.

Inventory:

Hand Weapons
 a - a +0 demon blade of venom (weapon)
 b - a +0 hunting sling
 c - a +2 scimitar of flaming
 d - a +2 scimitar
 h - a +1 falchion
Missiles
 s - 432 stones (quivered)
 u - 170 sling bullets
 B - 16 tomahawks
Armour
 e - a +1 leather armour
 n - a +0 pair of boots (worn)
 x - a +0 cloak (worn)
 A - a +2 scale mail of positive energy
 I - a cursed +0 plate armour (worn)
 R - a +2 pair of gloves (worn)
Jewellery
 k - an uncursed ring of ice
 p - an uncursed ring of protection from fire
 r - an uncursed ring of resist corrosion
 D - the ring of Ethics (left hand) {rF+ Dex+8}
   (You found it on level 7 of the Dungeon)

   [ring of protection from fire]

   It affects your dexterity (+8).
   It protects you from fire.
 L - the ring of Understanding (right hand) {Fire +Blink MR+}
   (You found it on level 1 of the Lair of Beasts)

   [ring of fire]

   It enhances your fire magic.
   It protects you from fire.
   It makes you vulnerable to cold.
   It affects your resistance to hostile enchantments.
   It lets you blink.
 O - a +4 amulet of reflection (around neck)
Wands
 o - a wand of acid (4)
 t - a wand of flame (51)
 v - a wand of digging (18)
 F - a wand of paralysis (25)
 G - a wand of scattershot (5)
 M - a wand of enslavement (8)
 P - a wand of iceblast (22)
Scrolls
 j - a scroll of fear
 l - a scroll of holy word
 m - 8 scrolls of teleportation
 y - 10 scrolls of remove curse
 E - 4 scrolls of identify
 J - 2 scrolls of fog
Potions
 f - a potion of flight
 g - 2 potions of cancellation
 i - 2 potions of haste
 w - a potion of degeneration
 z - a potion of magic
 C - a potion of might
 H - a potion of curing
 K - a potion of heal wounds
Miscellaneous
 N - a phantom mirror
Comestibles
 q - 10 rations
 Q - 3 chunks of flesh


   Skills:
 - Level 5.2 Fighting
 - Level 14.0 Long Blades
 * Level 11.0 Slings
 + Level 8.5 Armour
 + Level 8.5 Dodging
 + Level 4.8 Evocations


You had 12 spell levels left.
You didn't know any spells.
Your spell library was empty.

Dungeon Overview and Level Annotations

Branches:
Dungeon (9/15)             Temple (0/1) D:5            Lair (4/6) D:9
  Swamp (0/4) Lair:2        Snake (0/4) Lair:3
    Orc: D:9-12

Altars:
Ashenzari
Elyvilon
Hepliaklqana
Nemelex Xobeh
Qazlal
Ru
Sif Muna
Vehumet
Zin

Shops:
D:6 %((   D:8 *


Innate Abilities, Weirdness & Mutations

You are small and have problems with some larger weapons.
You are somewhat resistant to further mutation.


Message History

The polar bear looks as sick as possible!
The polar bear is severely wounded.
You feel sick. The polar bear bites you!!
The polar bear claws you but does no damage. x2
You hit the polar bear.
The polar bear looks as sick as possible!
The polar bear is severely wounded.
The polar bear misses you.
The polar bear claws you but does no damage. x2
You barely miss the polar bear.
The polar bear is almost dead.
The polar bear bites you!
* * * LOW HITPOINT WARNING * * *
The polar bear completely misses you. The polar bear claws you.
* * * LOW HITPOINT WARNING * * *
You feel sick.
Your skin crawls.
You feel resistant to hostile enchantments.
You feel somewhat more hungry. The polar bear bites you!
You die...

##..>...... ##..........
..........## ###
###..........### ..##
####P.....P.......# ..P#
##........#.......#
≈.≈###...PP#...........#
≈≈..#÷........%.....#.###
≈≈≈..#.....###P.@........
≈≈≈.##.....##P...h#.....
≈≈≈.#............#.......
≈≈≈≈..##..........#..#.#.
≈≈≈≈P.#..#.#...#.###..#
≈≈≈...#.#...#...## ...#
≈.........>.#... ..#
...#.#.. .. #/.# ..#
...##... ##. ...


You could see a polar bear (berserk).

Vanquished Creatures
  Harold (D:8)
  Fannar (Lair:2)
  Erica (D:8)
  Nergalle (Lair:2)
  Pikel (D:7)
  6 elephants (Lair:4)
  Joseph (D:7)
  3 spiny frogs
  3 komodo dragons (Lair:2)
  A troll (D:9)
  A queen bee (D:8)
  A polar bear (Lair:3)
  4 hippogriffs
  15 yaks
  2 wyverns
  Eustachio (D:6)
  Edmund (D:6)
  2 basilisks
  5 insubstantial wisps (Lair:2)
  2 nagas (Lair:3)
  Duvessa (D:4)
  6 water moccasins
  3 porcupines
  2 orc warriors
  4 sky beasts
  3 ogres
  A necrophage (D:9)
  11 wolves (Lair:3)
  7 crocodiles
  2 centaurs
  2 big kobolds
  6 bullfrogs
  Blork the orc (D:5)
  4 scorpions
  Dowan (D:4)
  15 killer bees
  2 electric eels (D:9)
  4 wights (D:8)
  3 crimson imps
  A quasit (D:4)
  2 bullfrog skeletons
  A hound (D:4)
  6 orc wizards
  A centaur skeleton (D:4)
  6 orc priests
  Crazy Yiuf (D:4)
  Jessica (D:9)
  Ijyb (D:4)
  9 iguanas
  Natasha (D:5)
  9 worker ants
  2 killer bee zombies
  3 hound zombies
  A howler monkey skeleton (D:4)
  4 gnolls (D:4)
  5 adders
  2 shadow imps
  An ooze (D:4)
  An adder zombie (D:6)
  An adder skeleton (D:9)
  3 worms
  A dart slug (D:2)
  3 leopard geckos
  27 orcs
  12 bats
  4 giant cockroaches
  9 goblins
  5 hobgoblins
  4 jackals (D:1)
  12 kobolds
  3 quokkas
  2 ball pythons
  3 frilled lizards
  A quokka skeleton (D:5)
  9 rats
288 creatures vanquished.

Vanquished Creatures (collateral kills)
  An orc warrior (D:8)
  A necrophage (D:8)
  4 killer bees (D:8)
  An orc priest (D:8)
7 creatures vanquished.

Vanquished Creatures (others)
  A slave (D:7)
  An orc (D:7)
  7 plants (D:9)
9 creatures vanquished.

Grand Total: 304 creatures vanquished

Notes
Turn   | Place    | Note
-------+----------+-------------------------------------------
     0 | D:1      | raph the Halfling Berserker began the quest for the Orb.
     0 | D:1      | Reached XP level 1. HP: 15/15 MP: 1/1
   159 | D:1      | Reached XP level 2. HP: 17/20 MP: 2/2
   609 | D:1      | Reached skill level 4 in Long Blades
   609 | D:1      | Reached XP level 3. HP: 23/25 MP: 3/3
   744 | D:1      | Reached ** piety under Trog
  1468 | D:2      | Reached XP level 4. HP: 30/30 MP: 4/4
  2314 | D:3      | Noticed an orc warrior
  2696 | D:4      | Reached skill level 5 in Long Blades
  2714 | D:4      | Reached XP level 5. HP: 35/35 MP: 5/5
  2786 | D:4      | Found a stormy altar of Qazlal.
  2826 | D:4      | Reached skill level 6 in Long Blades
  2866 | D:4      | Reached XP level 6. HP: 24/41 MP: 6/6
  3110 | D:4      | Found a runed translucent door.
  3111 | D:4      | Noticed Crazy Yiuf
  3118 | D:4      | Killed Crazy Yiuf
  3249 | D:4      | Noticed a water moccasin
  3256 | D:4      | Killed a water moccasin
  3256 | D:4      | Reached skill level 7 in Long Blades
  3329 | D:4      | Found a radiant altar of Vehumet.
  3338 | D:4      | Reached XP level 7. HP: 26/45 MP: 7/7
  3346 | D:4      | Reached *** piety under Trog
  3568 | D:4      | Reached skill level 8 in Long Blades
  3631 | D:4      | Found a hazy altar of Hepliaklqana.
  3767 | D:4      | Noticed Dowan
  3768 | D:4      | Noticed Natasha
  3776 | D:4      | Noticed Duvessa
  3792 | D:5      | Entered Level 5 of the Dungeon
  3800 | D:5      | Killed Natasha
  3901 | D:5      | Noticed Blork the orc
  3908 | D:5      | Killed Blork the orc
  4228 | D:5      | Found a staircase to the Ecumenical Temple.
  4299 | D:5      | Reached XP level 8. HP: 38/51 MP: 8/8
  4392 | D:5      | Reached skill level 9 in Long Blades
  4861 | D:4      | Killed Dowan
  5624 | D:4      | Noticed Ijyb
  5635 | D:4      | Killed Duvessa
  5635 | D:4      | Reached skill level 10 in Long Blades
  5780 | D:4      | Killed Ijyb
  6160 | D:6      | Noticed Edmund
  6169 | D:6      | Killed Edmund
  6172 | D:6      | Reached XP level 9. HP: 46/55 MP: 9/9
  6173 | D:6      | Reached skill level 11 in Long Blades
  6574 | D:6      | Found Zoxtuj's Antique Weapon Shoppe.
  6606 | D:6      | Found Quhaqees's Weapon Boutique.
  6817 | D:6      | Noticed Eustachio
  6832 | D:6      | Killed Eustachio
  7000 | D:6      | Found a sparkling altar of Nemelex Xobeh.
  7112 | D:6      | Found Qionyr's Food Boutique.
  7296 | D:7      | Noticed Joseph
  7312 | D:7      | Killed Joseph
  7312 | D:7      | Reached skill level 12 in Long Blades
  7420 | D:7      | Found a sacrificial altar of Ru.
  7439 | D:7      | Noticed a four-headed hydra
  7533 | D:7      | Got a transparent glass ring
  7535 | D:7      | Identified the ring of Ethics {rF+ Dex+8} (You found it on
                  | level 7 of the Dungeon)
  7716 | D:8      | Found a glowing silver altar of Zin.
  7767 | D:8      | Paralysed by a big kobold for 4 turns
  7987 | D:8      | Reached **** piety under Trog
  7987 | D:8      | Reached XP level 10. HP: 34/61 MP: 10/10
  7992 | D:8      | Reached skill level 13 in Long Blades
  8222 | D:8      | Reached skill level 14 in Long Blades
  8424 | D:8      | Noticed Erica
  8439 | D:8      | Killed Erica
  8471 | D:8      | Noticed Harold
  8494 | D:8      | Killed Harold
  8768 | D:8      | Found a shattered altar of Ashenzari.
  8781 | D:8      | Found Turoonaa's Demolitions Depot.
  8800 | D:8      | Reached XP level 11. HP: 59/69 MP: 11/11
  8952 | D:8      | Bought a wand of scattershot (5) for 324 gold pieces
  9039 | D:8      | Found a white marble altar of Elyvilon.
  9318 | D:7      | Noticed Pikel
  9331 | D:7      | Killed Pikel
  9331 | D:7      | Reached skill level 5 in Armour
  9331 | D:7      | Reached skill level 5 in Dodging
  9733 | D:9      | Found a staircase to the Lair.
  9753 | D:9      | Noticed Jessica
  9758 | D:9      | Found a deep blue altar of Sif Muna.
  9782 | D:9      | Killed Jessica
  9905 | D:9      | Reached skill level 5 in Fighting
  9923 | D:9      | HP: 2/71 [electric eel/bolt of electricity (2)]
 11221 | D:9      | Reached skill level 1 in Slings
 11370 | D:9      | Received a gift from Trog
 11698 | D:9      | Found the +5 scythe "Finisher" {speed, eviscerate}
 11985 | D:9      | Received a gift from Trog
 12237 | Lair:1   | Entered Level 1 of the Lair of Beasts
 12259 | Lair:1   | Got a warped silver ring
 12262 | Lair:1   | Identified the ring of Understanding {Fire +Blink MR+} (You
                  | found it on level 1 of the Lair of Beasts)
 12442 | Lair:1   | Reached skill level 5 in Slings
 12447 | Lair:1   | Reached skill level 1 in Evocations
 13194 | Lair:2   | Noticed Fannar
 13207 | Lair:2   | Killed Fannar
 13207 | Lair:2   | Reached XP level 12. HP: 77/77 MP: 13/13
 13285 | Lair:2   | Found a staircase to the Swamp.
 13542 | Lair:2   | Noticed Nergalle
 13557 | Lair:2   | Killed Nergalle
 14421 | Lair:3   | Found a staircase to the Snake Pit.
 14624 | Lair:3   | HP: 3/77 [poisoned by a spiny frog]
 14630 | Lair:3   | HP: 3/77 [poisoned by a spiny frog]
 14638 | Lair:3   | HP: 2/77 [poisoned by a spiny frog]
 15010 | Lair:3   | Received a gift from Trog
 15701 | Lair:3   | Reached skill level 10 in Slings
 16448 | Lair:4   | Reached XP level 13. HP: 58/81 MP: 16/16
 16465 | Lair:4   | Slain by a polar bear

Skill      XL: |  1  2  3  4  5  6  7  8  9 10 11 12 |
---------------+-------------------------------------+-----
Long Blades    | 4 5 6 7 8 10 12 14 | 14.0
Fighting       | 4 5 |  5.2
Armour         | 4 7 8 |  8.5
Dodging        | 4 7 8 |  8.5
Slings         | 6 11 | 11.0
Evocations     | 2 4 |  4.8

Action                   |  1- 3 |  4- 6 |  7- 9 | 10-12 | 13-15 || total
-------------------------+-------+-------+-------+-------+-------++-------
Melee: Falchion          |    95 |    87 |    38 |       |       ||   220
       Scimitar          |       |       |   229 |   377 |       ||   606
       Demon blade       |       |       |       |   248 |    11 ||   259
 Fire: Hunting sling     |       |       |     5 |    82 |       ||    87
Throw: Stone             |       |     1 |       |       |       ||     1
       Tomahawk          |       |       |     6 |     1 |       ||     7
Invok: Berserk           |     2 |     4 |    14 |    14 |       ||    34
       Trog's Hand       |       |       |     2 |     8 |     1 ||    11
       Brothers in Arms  |       |       |       |     2 |       ||     2
Evoke: Wand              |       |       |       |     2 |       ||     2
  Use: Scroll            |       |    10 |    12 |     8 |       ||    30
       Potion            |       |       |       |     5 |       ||     5
 Stab: Sleeping          |       |       |     2 |       |       ||     2
  Eat: Chunk             |     3 |     8 |    13 |    22 |       ||    46
       Ration            |       |     1 |     5 |     6 |       ||    12
Armor: Leather armour    |    29 |    21 |    18 |       |       ||    68
       Scale mail        |       |       |    56 |    73 |       ||   129
       Plate armour      |       |       |       |   159 |    11 ||   170
Dodge: Dodged            |   102 |    65 |   193 |   387 |     9 ||   756
Block: Other             |       |       |       |    45 |       ||    45
       Rpst.: Falchion   |    23 |    15 |    12 |       |       ||    50
       Scimitar          |       |       |    36 |    62 |       ||    98
       Demon blade       |       |       |       |    44 |     1 ||    45
